 Dungeon Crawl Stone Soup version 0.18-a0-1577-gf591c28 (webtiles) character file.

10661 M4edhros the Slinger (level 11, -1/63 HPs)
             Began as an Octopode Artificer on Mar 19, 2016.
             Was an Initiate of Gozag.
             Slain by a spiny frog (19 damage)
             ... on level 1 of the Lair of Beasts.
             The game lasted 00:29:03 (19940 turns).

M4edhros the Slinger (Octopode Artificer)          Turns: 19940, Time: 00:29:03

Health: -1/63      AC:  7    Str: 13    XL:     11   Next: 65%
Magic:  14/14      EV: 22    Int: 20    God:    Gozag
Gold:   535        SH:  7    Dex: 12    Spells: 0 memorised, 10 levels left

rFire  + . .     SeeInvis .     N - +4 hunting sling (evade)
rCold  + . .     Gourm    .     f - +2 buckler {rF+}
rNeg   . . .     Faith    .     (helmet restricted)
rPois  .         Spirit   .     P - amulet of rage
rElec  .         Dismiss  .     A - +2 ring of strength
rCorr  .         Reflect  .     B - ring of ice
SustAt .         Harm     .     k - ring of protection from magic
MR     +++..                    (no ring)
Stlth  ++++++....               (no ring)
                                (no ring)
                                (no ring)
                                (no ring)

@: extremely resistant to hostile enchantments, very stealthy
A: almost no armour, amphibious, 8 rings, constrict 8, beak, tentacle spike 1,
iridescent scales 1, thin metallic scales 1, camouflage 1, clever 1, fire
resistance 1, high mp 1, magic resistance 2, regeneration 1, gelatinous body 1
a: Potion Petition, Call Merchant, Bribe Branch, Renounce Religion, Evoke
Berserk Rage


You were on level 1 of the Lair of Beasts.
You worshipped Gozag.
Gozag was noncommittal.
You were very hungry.

You visited 3 branches of the dungeon, and saw 13 of its levels.
You visited the Abyss 1 time.
You also visited: Sewer.

You collected 2206 gold pieces.
You paid 1671 gold pieces to Gozag.

Inventory:

Hand Weapons
 j - a +0 blowgun
 m - a +0 hunting sling
 o - a +3 quarterstaff of chaos
 C - a +3 short sword of draining
 H - a +2 whip of electrocution
 N - a +4 hunting sling of evasion (weapon)
Missiles
 e - 194 stones
 g - 15 silver sling bullets
 i - 47 sling bullets (quivered)
 l - 19 tomahawks
 n - 16 poisoned needles
Armour
 f - a +2 buckler of fire resistance (worn)
Jewellery
 k - a ring of protection from magic (on tentacle)
 A - a +2 ring of strength (left tentacle)
 B - a ring of ice (right tentacle)
 D - an uncursed amulet of the gourmand
 P - an amulet of rage (around mantle)
 Q - an uncursed ring of ice
Wands
 b - a wand of flame (9/48)
 c - a wand of enslavement (14/24)
 d - a wand of random effects (15/48)
 F - a wand of iceblast (13/15)
 L - a wand of flame (25/48)
 M - a wand of acid (5/15)
Scrolls
 a - 2 scrolls of fog
 h - 3 scrolls of magic mapping
 p - 6 scrolls of immolation
 v - a scroll of amnesia
 w - 2 scrolls of remove curse
 y - a scroll of recharging
 E - a scroll of fear
 G - a scroll of enchant armour
Potions
 q - 3 potions of curing
 r - 2 potions of heal wounds
 s - 6 potions of flight {unknown}
 t - a potion of invisibility
 u - 2 potions of mutation {unknown}
 x - a potion of agility {unknown}
 z - a potion of resistance {unknown}
 K - a potion of berserk rage
 O - a potion of cure mutation {unknown}
 R - a potion of degeneration
Books
 S - a book of Envenomations

   Spells                             Type                      Level
   a - Spider Form                    Transmutation/Poison         3
   b - Olgreb's Toxic Radiance        Poison                       4
   c - Alistair's Intoxication        Transmutation/Poison         5
   d - Poisonous Cloud                Conjuration/Poison/Air       6
Comestibles
 I - 7 bread rations
 J - 13 fruits


   Skills:
 - Level 1.0 Fighting
 - Level 1.0 Short Blades
 + Level 11.7 Slings
 * Level 10.3 Dodging
 - Level 11.1 Stealth
 + Level 4.5 Shields
 - Level 3.2 Evocations


You had 10 spell levels left.
You didn't know any spells.

Dungeon Overview and Level Annotations

Branches:
Dungeon (10/15)            Temple (1/1) D:5            Lair (2/8) D:9
    Orc (0/2) D:9

Altars:
Ashenzari
Cheibriados
Dithmenos
Elyvilon
Fedhas
Gozag
Kikubaaqudgha
Makhleb
Nemelex Xobeh
Okawaru
Pakellas
Qazlal
Ru
Sif Muna
Trog
Vehumet
Xom
Yredelemnul
Zin
The Shining One

Shops:
D:5 [   Lair:1 *[

Annotations:
D:9 exclusion: ugly thing
Lair:2 ConnectionFaild's ghost, journeyman GrFi


Innate Abilities, Weirdness & Mutations

You cannot wear most types of armour.
You are amphibious.
You can wear up to eight rings at the same time.
You can use your tentacles to constrict eight enemies at once.
Your skin changes colour to match your surroundings (Stealth).
Your rubbery body absorbs attacks (AC +1).
You have a beak for a mouth.
One of your tentacles bears a spike.
You are partially covered in iridescent scales (AC +4).
You are partially covered in thin metallic scales (AC +2).
Your mind is acute. (Int +2)
Your flesh is heat resistant.
You have an increased reservoir of magic (+10% MP).
You are highly resistant to hostile enchantments.
Your natural rate of healing is unusually fast.


Message History

The spiny frog stings you!
Firing (i - inventory. (,) - cycle):
i - 49 sling bullets (quivered)
Press: ? - help, Shift-Dir - straight line, f/p - spiny frog
Aim: a spiny frog (almost dead)
You shoot a sling bullet. The sling bullet hits the spiny frog!
The spiny frog is almost dead.
The spiny frog stings you!!
* * * LOW HITPOINT WARNING * * *
You are lethally poisoned!
The spiny frog poisons you!
Drink which item? (? for menu, Esc to quit)
You feel better. The spiny frog misses you.
Firing (i - inventory. (,) - cycle):
i - 48 sling bullets (quivered)
Press: ? - help, Shift-Dir - straight line, f/p - spiny frog
Aim: a spiny frog (almost dead)
You shoot a sling bullet.
The sling bullet closely misses the spiny frog.
The spiny frog stings you!!
You die...
Your body crumbles into a pile of gold.

#...........#...........#........
####P....(....>.........#........
##.....(............#....##...
#......(................###..
##......(................####
#.......(................#
###......(...............#
##......F.............##
#.......@..........###
##................##
##..............##
###............## #..........##.#
#.........##### #.........##
#..........## #...........#


You could see a spiny frog.

Vanquished Creatures
  Pikel (D:7)
  Joseph (D:8)
  A black mamba (Lair:1)
  4 spiny frogs
  A rime drake (Lair:1)
  A komodo dragon (Lair:1)
  A troll (D:7)
  A two-headed ogre (D:10)
  3 blink frogs (Lair:1)
  A spriggan (D:7)
  2 wyverns
  12 yaks
  3 hippogriffs
  3 water moccasins
  3 porcupines
  An orc warrior (D:7)
  2 ice beasts
  A black bear (Lair:2)
  4 ogres
  A wolf (Lair:1)
  3 crocodiles
  5 centaurs
  A big kobold (Sewer)
  7 giant frogs
  4 scorpions
  2 howler monkeys
  6 crimson imps
  A centaur zombie (D:10)
  4 hounds
  6 orc priests
  A centaur skeleton (D:7)
  3 jellies
  Crazy Yiuf (D:4)
  9 orc wizards
  5 iguanas
  2 worker ants
  A howler monkey skeleton (D:6)
  8 gnolls
  11 adders
  16 river rats
  An adder zombie (D:9)
  2 adder skeletons (D:5)
  2 worms (D:3)
  8 giant geckos
  17 orcs
  7 bats
  8 giant cockroaches
  5 goblins
  7 hobgoblins
  17 jackals
  13 quokkas
  2 ball pythons
  4 giant newts
  A jackal skeleton (D:4)
  8 kobolds
  14 rats
  A fungus (D:4)
260 creatures vanquished.

Vanquished Creatures (others)
  2 slaves (D:7)
  An orc wizard (D:7)
  A worker ant (D:7)
  A jackal (D:7)
5 creatures vanquished.

Grand Total: 265 creatures vanquished

Notes
Turn   | Place    | Note
--------------------------------------------------------------
     0 | D:1      | M4edhros the Octopode Artificer began the quest for the Orb.
     0 | D:1      | Reached XP level 1. HP: 13/13 MP: 3/3
   163 | D:1      | Reached XP level 2. HP: 15/18 MP: 4/4
   531 | D:3      | Reached skill level 1 in Slings
   531 | D:3      | Reached XP level 3. HP: 23/23 MP: 5/5
   613 | D:3      | Reached XP level 4. HP: 21/28 MP: 6/6
   712 | D:4      | Found a deep blue altar of Sif Muna.
   910 | D:4      | Reached XP level 5. HP: 33/33 MP: 7/7
  1060 | D:4      | Noticed Crazy Yiuf
  1114 | D:4      | Killed Crazy Yiuf
  1341 | D:4      | Reached XP level 6. HP: 23/38 MP: 8/8
  1745 | D:5      | Entered Level 5 of the Dungeon
  1804 | D:5      | Reached skill level 5 in Stealth
  1819 | D:5      | Found Izum's Armour Boutique.
  1911 | D:5      | Reached XP level 7. HP: 10/43 MP: 9/9
  2533 | D:5      | Reached skill level 5 in Slings
  3003 | D:5      | Found a staircase to the Ecumenical Temple.
  3008 | Temple   | Entered the Ecumenical Temple
  3057 | Temple   | Became a worshipper of Gozag Ym Sagoz the Greedy
  4222 | D:2      | Found a glowing silver altar of Zin.
  4226 | D:2      | Noticed an angel
  4229 | D:2      | Found a shimmering altar of Xom.
  4646 | D:2      | Fell from the grace of Gozag
  4646 | D:2      | Became a worshipper of Xom of Malevolent Giggling
  4900 | Temple   | XOM: harmless Fire miscast
  5526 | Temple   | XOM: divination: magic mapping
  5710 | Temple   | XOM: divination: magic mapping
  6288 | Temple   | XOM: silly message
  6321 | Temple   | XOM: vitrification
  6462 | Temple   | XOM: god gift: scroll of teleportation
  6732 | Temple   | XOM is BORED!
  6732 | Temple   | XOM: mild Erth miscast
  6740 | Temple   | XOM: give mutations
  6740 | Temple   | Gained mutation: You have very sharp teeth. [Xom's grace]
  6740 | Temple   | Gained mutation: Your muscles are strong. (Str +2) [Xom's grace]
  7281 | Temple   | XOM: give mutation
  7281 | Temple   | Gained mutation: You are resistant to electric shocks. [Xom's grace]
  7549 | Temple   | XOM: god gift: shiny buckler {god gift}
  7722 | Temple   | XOM: give mutation
  7722 | Temple   | Gained mutation: You are partially covered in iridescent scales (AC +4). [Xom's grace]
  7736 | Temple   | XOM: give mutations
  7736 | Temple   | Gained mutation: You are agile. (Dex +2) [Xom's grace]
  7736 | Temple   | Gained mutation: You are partially covered in molten scales (AC +1). [Xom's grace]
  7926 | Temple   | XOM: give mutations
  7926 | Temple   | Gained mutation: You are partially covered in slimy green scales (AC +2). [Xom's grace]
  7926 | Temple   | Gained mutation: You are resistant to hostile enchantments. [Xom's grace]
  7926 | Temple   | Gained mutation: Your mind is acute. (Int +2) [Xom's grace]
  8096 | Temple   | XOM: give mutations
  8096 | Temple   | Gained mutation: Your natural rate of healing is unusually fast. [Xom's grace]
  8096 | Temple   | Gained mutation: You evolve. [Xom's grace]
  8096 | Temple   | Gained mutation: You are very agile. (Dex +4) [Xom's grace]
  8210 | Temple   | XOM: god gift: 49 gold pieces
  8418 | Temple   | XOM: god gift: garnet ring {god gift}
  8621 | Temple   | Gained mutation: One of your tentacles bears a spike. [evolution]
  9698 | Temple   | XOM is BORED!
  9698 | Temple   | XOM: summons 3 hostile demons
  9699 | Temple   | Noticed a sixfirhy
  9813 | D:5      | XOM: give mutations
  9813 | D:5      | Gained mutation: You have an increased reservoir of magic (+10% MP). [Xom's grace]
  9813 | D:5      | Gained mutation: You are highly resistant to hostile enchantments. [Xom's grace]
 10052 | Temple   | XOM: god gift: glowing short sword {god gift}
 11094 | Temple   | XOM: give mutations
 11094 | Temple   | Gained mutation: You heal very quickly. [Xom's grace]
 11094 | Temple   | Gained mutation: Your flesh is heat resistant. [Xom's grace]
 11094 | Temple   | Lost mutation: You have very sharp teeth. [Xom's grace]
 11094 | Temple   | Gained mutation: You have a beak for a mouth. [Xom's grace]
 11858 | Temple   | XOM: 1-stop teleportation journey
 11939 | Temple   | XOM: 9-stop teleportation journey
 12271 | Temple   | XOM: 2-stop teleportation journey
 12677 | Temple   | XOM: medium Divn miscast
 12951 | Temple   | XOM: 1-stop teleportation journey
 12962 | Temple   | Fell from the grace of Xom
 12962 | Temple   | Became a worshipper of Gozag Ym Sagoz the Greedy
 13221 | D:6      | Reached XP level 8. HP: 48/48 MP: 11/11
 13247 | D:6      | Found a glowing drain.
 13295 | Sewer    | Entered a sewer
 13419 | Sewer    | Found a glowing silver altar of Zin.
 13596 | D:6      | Found a stormy altar of Qazlal.
 13726 | D:6      | XOM: medium Pois miscast
 13887 | D:6      | Reached skill level 5 in Dodging
 13958 | D:7      | Noticed Pikel
 13980 | D:7      | Killed Pikel
 13980 | D:7      | Reached XP level 9. HP: 53/53 MP: 12/12
 14031 | D:6      | XOM: medium Air miscast
 14176 | D:7      | Found a sacrificial altar of Ru.
 14304 | D:7      | Noticed a troll
 14351 | D:7      | Killed a troll
 14608 | D:7      | XOM: mild Erth miscast
 14626 | D:7      | Found an oddly glowing altar of Pakellas.
 14775 | D:7      | XOM: summons 2 hostile shadow creatures
 14835 | D:7      | Found an iron altar of Okawaru.
 15051 | D:8      | XOM: mild Chrm miscast
 15215 | D:8      | Found a white marble altar of Elyvilon.
 15257 | D:8      | XOM: mild Divn miscast
 15365 | D:8      | Noticed Joseph
 15377 | D:8      | Killed Joseph
 15377 | D:8      | Reached skill level 10 in Stealth
 15377 | D:8      | Reached XP level 10. HP: 52/58 MP: 13/13
 15460 | D:8      | Gained mutation: You are extremely resistant to the effects of hostile enchantments. [potion of beneficial mutation]
 15558 | D:8      | XOM: give mutations
 15558 | D:8      | Lost mutation: You are partially covered in molten scales (AC +1). [Xom's mischief]
 15558 | D:8      | Lost mutation: You heal very quickly. [Xom's mischief]
 15558 | D:8      | Lost mutation: You are extremely resistant to the effects of hostile enchantments. [Xom's mischief]
 15558 | D:8      | Lost mutation: You are very agile. (Dex +4) [Xom's mischief]
 15873 | D:8      | Reached skill level 10 in Slings
 15878 | D:8      | Found a burning altar of Makhleb.
 15973 | D:9      | Found a blossoming altar of Fedhas.
 15999 | D:9      | XOM: severe Tloc miscast
 16025 | D:9      | XOM: give mutations
 16025 | D:9      | Lost mutation: You are resistant to electric shocks. [Xom's mischief]
 16025 | D:9      | Lost mutation: You are agile. (Dex +2) [Xom's mischief]
 16025 | D:9      | Lost mutation: Your muscles are strong. (Str +2) [Xom's mischief]
 16025 | D:9      | Lost mutation: You are partially covered in slimy green scales (AC +2). [Xom's mischief]
 16078 | D:9      | Cast into level 2 of the Abyss (Xom)
 16119 | Abyss:2  | Found a corrupted altar of Lugonu.
 16122 | Abyss:2  | Noticed a bone dragon
 16123 | Abyss:2  | Noticed a thrashing horror
 16132 | D:9      | Escaped the Abyss
 16213 | D:9      | Found a staircase to the Orcish Mines.
 16406 | D:9      | Found a staircase to the Lair.
 16462 | D:9      | Noticed a green ugly thing
 16593 | D:9      | XOM: medium Air miscast
 17104 | D:10     | Entered Level 10 of the Dungeon
 17157 | D:10     | XOM: noise
 17349 | D:10     | XOM: chaos upgrade
 17552 | Lair:1   | Entered Level 1 of the Lair of Beasts
 17570 | Lair:1   | Noticed a spiny frog
 17787 | D:9      | XOM: mild Erth miscast
 17828 | D:9      | Reached skill level 1 in Shields
 17906 | Lair:1   | Killed a spiny frog
 17955 | Lair:1   | Noticed a black mamba
 17962 | Lair:1   | Killed a black mamba
 18060 | Lair:1   | Gained mutation: You are partially covered in thin metallic scales (AC +2). [evolution]
 18060 | Lair:1   | Lost mutation: You evolve. [end of evolution]
 18122 | Lair:1   | Reached XP level 11. HP: 63/63 MP: 14/14
 18646 | Lair:1   | XOM: medium Divn miscast
 18854 | Lair:2   | Noticed ConnectionFaild's ghost (journeyman GrFi)
 19097 | Lair:2   | Reached skill level 10 in Dodging
 19442 | Lair:2   | XOM: enchant monster (bad)
 19509 | Lair:2   | XOM: severe Hex miscast
 19662 | Lair:2   | XOM: summons 4 hostile shadow creatures
 19940 | Lair:1   | Slain by a spiny frog

Vault maps used:
D:1:      matt_arrival_diagonals
D:2:      wad_woods_tower, grunt_temple_overflow_order_and_chaos_1,
          minmay_misc_feat_pillars
D:3:      forest_paths, first_bread
D:4:      lemuel_crystal_altar, st_stairs_1, uniq_crazy_yiuf_cottage
D:5:      minmay_temple_entry_nine_rooms, serial_shops, shop
D:6:      lemuel_ice_spiral_2, old_standard_altar, portal_sewer_entry_b
D:7:      nicolae_whirlpool, overflow_temple_1_default,
          overflow_temple_1_default, the_bakery, grunt_pakellas_basics,
          uniq_pikel
D:8:      makhleb_heckhound_becter, nicolae_overflow_crystal_walls, uniq_joseph
D:9:      fedhas_altar_3, lair_0_dummy, orc_0_dummy
Temple:   triangle_lava_temple_11
Lair:1:   grunt_megastairs_2
Lair:2:   beast_lair_carwin_4, lemuel_fruit_tree
Abyss:2:  hangedman_abyss_batty_box, hangedman_abyss_river_spirits
Sewer:    sewer_kobolds

Skill      XL: |  1  2  3  4  5  6  7  8  9 10 11 |
---------------+----------------------------------+-----
Stealth        | 2 3 4 5 6 8 10 11 | 11.1
Slings         | 1 2 3 4 6 7 9 11 | 11.7
Dodging        | 3 4 5 7 8 10 | 10.3
Shields        | 2 4 |  4.5
Fighting       | |  1.0
Short Blades   | |  1.0
Evocations     | |  3.2

Action                   |  1- 3 |  4- 6 |  7- 9 | 10-12 || total
-------------------------+-------+-------+-------+-------++-------
Melee: Short sword       |    31 |       |   142 |    67 ||   240
       Dagger            |    18 |    31 |       |       ||    49
       Quarterstaff      |       |    42 |    87 |       ||   129
       Whip              |       |       |     5 |    16 ||    21
       Hunting sling     |       |       |       |     2 ||     2
 Fire: Hunting sling     |       |       |   151 |   545 ||   696
       Blowgun           |       |       |     8 |       ||     8
Invok: Call Merchant     |       |       |       |     2 ||     2
Evoke: Wand              |       |     1 |     6 |     2 ||     9
  Use: Scroll            |       |     1 |     8 |    14 ||    23
       Potion            |       |     1 |     1 |     2 ||     4
 Stab: Sleeping          |    11 |     6 |    30 |    12 ||    59
       Distracted        |       |       |     3 |       ||     3
  Eat: Chunk             |       |     3 |     3 |       ||     6
       Meat ration       |       |       |     4 |     2 ||     6
       Bread ration      |       |       |     4 |       ||     4
       Pizza             |       |       |     1 |       ||     1
       Beef jerky        |       |       |       |     1 ||     1
